 Dungeon Crawl Stone Soup version 0.20.1-1-g8b1a95d (webtiles) character file.

1605 Folque the Destroyer (level 8, -6/51 HPs)
             Began as an Octopode Wizard on Dec 2, 2017.
             Was an Initiate of Sif Muna.
             Mangled by a killer bee (8 damage)
             ... on level 8 of the Dungeon.
             The game lasted 00:27:19 (6479 turns).

Folque the Destroyer (Octopode Wizard)              Turns: 6479, Time: 00:27:20

Health: -6/51      AC:  1    Str: 12    XL:     8   Next: 94%
Magic:  7/17       EV: 15    Int: 22    God:    Sif Muna [......]
Gold:   397        SH:  0    Dex: 11    Spells: 11/19 levels left

rFire    . . .     SeeInvis +   I - +7 dire flail of Symmetry {crush, Fragile Str+6 SInv}
rCold    . . .     Gourm    .   (shield currently unavailable)
rNeg     . . .     Faith    .   a - +0 hat
rPois    .         Spirit   .   (no amulet)
rElec    .         Reflect  .   y - ring of resist corrosion
rCorr    +         Harm     .   (no ring)
MR       .....                  G - +2 ring of evasion
Stlth    +++.......             (no ring)
Regen    0.2/turn               (no ring)
MPRegen  0.2/turn               (no ring)
                                (no ring)
                                (no ring)

@: lethally poisoned (-6 -> -14)
A: almost no armour, stealthy swim, amphibious, 8 rings, constrict 8, camouflage
1, gelatinous body 1
a: Renounce Religion


You were on level 8 of the Dungeon.
You worshipped Sif Muna.
Sif Muna was noncommittal.
You were hungry.

You visited 2 branches of the dungeon, and saw 9 of its levels.

You collected 397 gold pieces.

Inventory:

Hand Weapons
 e - a +0 club
 m - a +0 short sword
 p - a +3 spear of venom
 I - the +7 dire flail of Symmetry (weapon) {crush, Fragile Str+6 SInv}
   (You found it on level 7 of the Dungeon)

   It inflicts extra damage upon your enemies.
   It affects your strength (+6).
   It lets you see invisible.
   It will be destroyed if unequipped.
Missiles
 d - 6 javelins (quivered)
 u - 2 tomahawks of dispersal
Armour
 a - a +0 hat (worn)
Jewellery
 y - a ring of resist corrosion (left tentacle)
 G - a +2 ring of evasion (on tentacle)
Wands
 r - a wand of flame (7/48)
Scrolls
 f - 2 scrolls of teleportation
 g - 3 scrolls of identify
 h - a scroll of blinking {unknown}
 s - 2 scrolls of fog {unknown}
 t - a scroll of amnesia {unknown}
 v - a scroll of random uselessness {unknown}
 x - a scroll of noise {unknown}
 F - a scroll of fear {unknown}
Potions
 i - 3 potions of brilliance
 j - a potion of haste {unknown}
 n - a potion of agility {unknown}
 q - 3 potions of flight
 w - a potion of degeneration {unknown}
 z - a potion of might {unknown}
 A - 2 potions of magic {unknown}
 B - a potion of invisibility {unknown}
 C - a potion of heal wounds {unknown}
 E - a potion of ambrosia {unknown}
 H - a potion of resistance {unknown}
Books
 b - a book of Minor Magic

   Spells                             Type                      Level
   a - Magic Dart                     Conjuration                  1
   b - Blink                          Translocation                2
   c - Call Imp                       Summoning                    2
   d - Slow                           Hexes                        2
   e - Conjure Flame                  Conjuration/Fire             3
   f - Mephitic Cloud                 Conjuration/Poison/Air       3
 D - a book of Maledictions

   Spells                             Type                      Level
   a - Corona                         Hexes                        1
   b - Ensorcelled Hibernation        Hexes/Ice                    2
   c - Confuse                        Hexes                        3
   d - Tukima's Dance                 Hexes                        3
   e - Dazzling Spray                 Conjuration/Hexes            3
Comestibles
 c - 4 bread rations
 k - 2 meat rations
 l - 2 chunks of flesh
 o - 2 royal jellies


   Skills:
 + Level 2.7 Fighting
 - Level 2.0 Dodging
 - Level 2.6 Stealth
 + Level 6.2 Spellcasting
 * Level 8.2 Conjurations
 - Level 1.0 Summonings
 - Level 1.0 Translocations
 - Level 3.0 Poison Magic


You had 11 spell levels left.
You knew the following spells:

 Your Spells              Type           Power        Failure   Level  Hunger
a - Magic Dart            Conj           ####         1%          1    None
b - Call Imp              Summ           ##......     9%          2    None
c - Blink                 Tloc           N/A          9%          2    None
d - Mephitic Cloud        Conj/Pois/Air  ###.....     5%          3    #......


Dungeon Overview and Level Annotations

Branches:
Dungeon (8/15)             Temple (1/1) D:7
   Lair: D:8-11

Altars:
Ashenzari
Cheibriados
Dithmenos
Elyvilon
Fedhas
Gozag
Kikubaaqudgha
Makhleb
Nemelex Xobeh
Okawaru
Qazlal
Ru
Sif Muna
Trog
Uskayaw
Vehumet
Xom
Yredelemnul
Zin
The Shining One

Shops:
D:4 (   D:7 }


Innate Abilities, Weirdness & Mutations

You cannot wear most types of armour.
You are very stealthy in the water. (Stealth+)
You are amphibious.
You can wear up to eight rings at the same time.
You can use your tentacles to constrict eight enemies at once.
Your skin changes colour to match your surroundings (Stealth+).
Your rubbery body absorbs attacks. (AC +1, EV +1)


Message History

The killer bee stings you.
You are poisoned.
The killer bee poisons you! The killer bee closely misses you.
You miss the killer bee. Your grab misses the killer bee.
The killer bee is heavily wounded.
You feel sick. The killer bee closely misses you.
The killer bee is engulfed in noxious fumes.
The killer bee stings you!
The killer bee is engulfed in noxious fumes.
The killer bee appears confused.
You miss the killer bee. Your grab misses the killer bee.
The killer bee is heavily wounded.
You feel sick. The killer bee stings you.
* * * LOW HITPOINT WARNING * * *
You are more poisoned.
The killer bee poisons you!
The killer bee stings the orc.
The killer bee stings you!
* * * LOW HITPOINT WARNING * * *
The killer bee stings you!
You die...

#..#..†....y...$ #
###.....##########
#.####...........#
.............###.#####..
#..........y.o..#.....y#
####......#####o#
#..###.# #.#
#..##o.#####.#
#..@y§y......#
#.###.######## #.# #.#
#.# .# #.# .# #.# .# #.#
.. ### #.############.##
#...).........#.##


You could see 2 killer bees and an orc.

Vanquished Creatures
  A hippogriff (D:7)
  2 orc warriors
  A water moccasin (D:7)
  An ice beast (D:5)
  2 ogres
  A centaur (D:4)
  A gnoll sergeant (D:6)
  A scorpion (D:5)
  5 killer bees (D:8)
  A crimson imp (D:7)
  4 hounds
  5 orc wizards
  A centaur skeleton (D:7)
  A bullfrog skeleton (D:4)
  An orc priest (D:8)
  Robin (D:4)
  7 gnolls
  5 adders
  A shadow imp (D:6)
  An ooze (D:3)
  An adder skeleton (D:7)
  A dart slug (D:1)
  2 worms
  A leopard gecko (D:1)
  14 orcs
  A ball python (D:5)
  9 bats
  8 giant cockroaches
  10 goblins
  12 hobgoblins
  A jackal (D:1)
  5 quokkas
  2 frilled lizards
  5 kobolds
  A quokka skeleton (D:4)
  13 rats
129 creatures vanquished.

Vanquished Creatures (collateral kills)
  A jelly (D:7)
  Terence (D:2)
  3 adders
  A gnoll (D:2)
  2 oozes (D:1)
  A worm (D:1)
  3 orcs
  2 goblins
  2 jackals (D:1)
  4 kobolds (D:1)
  2 bats (D:2)
  A frilled lizard (D:1)
  A rat (D:3)
24 creatures vanquished.

Grand Total: 153 creatures vanquished

Notes
Turn   | Place    | Note
-------+----------+-------------------------------------------
     0 | D:1      | Folque the Octopode Wizard began the quest for the Orb.
     0 | D:1      | Reached XP level 1. HP: 11/11 MP: 4/4
   311 | D:1      | Reached skill level 1 in Fighting
   324 | D:1      | Reached XP level 2. HP: 3/18 MP: 3/6
   567 | D:1      | Learned a level 2 spell: Call Imp
   570 | D:1      | Learned a level 2 spell: Blink
   726 | D:1      | Reached XP level 3. HP: 20/24 MP: 5/7
   733 | D:1      | Learned a level 3 spell: Mephitic Cloud
  1028 | D:2      | Noticed Terence
  1046 | D:2      | Killed Terence
  1046 | D:2      | Reached skill level 1 in Poison Magic
  1093 | D:2      | Reached XP level 4. HP: 18/29 MP: 0/9
  1577 | D:2      | Noticed a fire elemental
  1579 | D:2      | Found a stormy altar of Qazlal.
  1580 | D:2      | Noticed an air elemental
  1580 | D:2      | Noticed an earth elemental
  1580 | D:2      | Noticed a water elemental
  1581 | D:2      | Reached skill level 2 in Conjurations
  1915 | D:3      | Reached XP level 5. HP: 33/34 MP: 10/10
  2459 | D:4      | Noticed a centaur
  2476 | D:4      | Killed a centaur
  2476 | D:4      | Reached skill level 3 in Conjurations
  2476 | D:4      | Reached XP level 6. HP: 17/39 MP: 8/12
  2832 | D:4      | Reached skill level 4 in Conjurations
  3008 | D:4      | Noticed Robin
  3031 | D:4      | Killed Robin
  3483 | D:4      | Found Cuhiun's Antique Weapon Shop.
  3513 | D:5      | Entered Level 5 of the Dungeon
  3523 | D:5      | Found an opulent altar of Gozag.
  3823 | D:5      | Found a radiant altar of Vehumet.
  3877 | D:5      | Noticed an ice beast
  3881 | D:5      | Reached XP level 7. HP: 44/45 MP: 13/13
  4339 | D:5      | Reached skill level 5 in Conjurations
  4617 | D:7      | Found a shadowy altar of Dithmenos.
  4636 | D:7      | Reached skill level 5 in Spellcasting
  4658 | D:7      | Reached skill level 6 in Conjurations
  4658 | D:7      | HP: 2/45 [poisoned by a water moccasin]
  4926 | D:7      | Reached XP level 8. HP: 43/50 MP: 15/15
  5059 | D:7      | Found a staircase to the Ecumenical Temple.
  5072 | Temple   | Entered the Ecumenical Temple
  5126 | Temple   | Became a worshipper of Sif Muna the Loreminder
  5172 | D:7      | Found Fefadase's Gadget Emporium.
  5993 | D:7      | Got a twisted dire flail
  5994 | D:7      | Identified the +7 dire flail of Symmetry {crush, Fragile Str+6 SInv} (You found it on level 7 of the Dungeon)
  6105 | D:7      | Noticed a hippogriff
  6120 | D:7      | Killed a hippogriff
  6120 | D:7      | Reached skill level 7 in Conjurations
  6368 | D:8      | Found a sparkling altar of Nemelex Xobeh.
  6450 | D:8      | Noticed a queen bee
  6453 | D:8      | Reached skill level 8 in Conjurations
  6479 | D:8      | HP: 2/51 [killer bee (10)]
  6479 | D:8      | Mangled by a killer bee

Skill      XL: |  1  2  3  4  5  6  7  8 |
---------------+-------------------------+-----
Fighting       | 1 2 |  2.7
Poison Magic   | 1 2 3 |  3.0
Conjurations   | 2 3 4 6 8 |  8.2
Spellcasting   | 4 5 6 |  6.2
Dodging        | |  2.0
Stealth        | |  2.6
Summonings     | |  1.0
Translocations | |  1.0

Action                   |  1- 3 |  4- 6 |  7- 9 || total
-------------------------+-------+-------+-------++-------
Melee: Club              |    36 |       |       ||    36
       Constrict         |    14 |    31 |    20 ||    65
       Tentacles         |     7 |    16 |    12 ||    35
       Unarmed           |     1 |       |       ||     1
       Short sword       |    16 |    22 |       ||    38
       Spear             |       |   149 |    65 ||   214
       Dire flail        |       |       |    24 ||    24
Throw: Javelin           |     1 |       |       ||     1
 Cast: Magic Dart        |     7 |     2 |     4 ||    13
       Call Imp          |     7 |    12 |    14 ||    33
       Mephitic Cloud    |     2 |    11 |    15 ||    28
       Blink             |       |     1 |     6 ||     7
Evoke: Wand              |       |       |     2 ||     2
  Use: Scroll            |       |     4 |     2 ||     6
       Potion            |       |       |     2 ||     2
 Stab: Sleeping          |     5 |    17 |     3 ||    25
       Distracted        |       |     1 |     1 ||     2
       Confused          |       |     4 |     4 ||     8
  Eat: Chunk             |     1 |    10 |     8 ||    19
Armor: Skin              |     2 |    10 |     4 ||    16
Dodge: Dodged            |    43 |    60 |    33 ||   136
